 Dungeon Sprint DCSS version 0.27.1-34-g3ba077fa99 (webtiles) character file.

Game seed: 1674227185953074519

2790 Karpo the Ninja (level 9, -10/39 HPs)
             Began as a Spriggan Enchanter on Feb 10, 2022.
             Was a Priest of Sif Muna.
             Mangled by a centaur warrior (11 damage)
             ... in the Dungeon (Sprint I: "Red Sonja").
             The game lasted 00:04:37 (800 turns).

Karpo the Ninja (Spriggan Enchanter)                 Turns: 800, Time: 00:04:38

Health: -10/39     AC:  2    Str:  4    XL:     9   Next: 43%
Magic:  14/14      EV: 17    Int: 20    God:    Sif Muna [***...]
Gold:   831        SH:  0    Dex: 15    Spells: 1/13 levels left

rFire    . . .     SeeInvis +   a - +1 dagger
rCold    . . .     Faith    .   (shield restricted)
rNeg     . . .     Spirit   .   b - +0 robe
rPois    .         Reflect  .   (helmet restricted)
rElec    .         Harm     .   (no cloak)
rCorr    .         Rampage  .   (gloves unavailable)
Will     +....     NoTele   +   (boots unavailable)
Stlth    +++++++++.             (no amulet)
HPRegen  0.13/turn              (no ring)
MPRegen  0.14/turn              (no ring)

@: very quick
A: very small, no large weapons, unfitting armour, see invisible, speed 3
a: Renounce Religion, Channel Magic, Forget Spell


You were in the Dungeon.
You worshipped Sif Muna.
Sif Muna was most pleased with you.
You visited 1 branch You collected 831 gold pieces.

Inventory:

Hand Weapons
 a - a +1 dagger (weapon)
 i - a +0 short sword of distortion
Missiles
 j - 2 curare-tipped darts
 m - a throwing net
Armour
 b - a +0 robe (worn)
Scrolls
 g - a scroll of fear {unknown}
 h - a scroll of blinking
 k - a scroll of enchant weapon {unknown}
 n - a scroll of magic mapping {unknown}
Potions
 c - 3 potions of curing
 d - a potion of heal wounds
 e - 2 potions of haste
 f - 2 potions of magic
 l - a potion of flight {unknown}


   Skills:
 + Level 8.0 Short Blades
 - Level 2.6 Dodging
 O Level 27 Stealth
 - Level 2.6 Spellcasting
 - Level 3.6 Hexes


You had one spell level left.
You knew the following spells:

 Your Spells              Type           Power      Damage    Failure   Level
a - Corona                Hex            18%        N/A       3%          1
b - Ensorcelled Hibernat  Hex/Ice        18%        N/A       11%         2
c - Confusing Touch       Hex            17%        N/A       10%         3
d - Dazzling Flash        Conj/Hex       18%        N/A       22%         3
e - Tukima's Dance        Hex            17%        N/A       10%         3

Your spell library contained the following spells:

 Spells                   Type           Power      Damage    Failure   Level


Dungeon Overview and Level Annotations

Branches:
Dungeon (1/1)

Altars:
Cheibriados
Dithmenos
Elyvilon
Fedhas
Gozag
Hepliaklqana
Kikubaaqudgha
Makhleb
Nemelex Xobeh
Okawaru
Qazlal
Ru
Sif Muna
Trog
Uskayaw
Vehumet
Wu Jian
Xom
Yredelemnul
Zin
The Shining One
Jiyva
Lugonu

Shops:
D :=[


Innate Abilities, Weirdness & Mutations

You are very small and have problems with some larger weapons.
You are too small for most types of armour.
You have supernaturally acute eyesight. (SInv)
You cover ground extremely quickly. (Speed+++)


Message History

There is an open door here.
There is an open door here.
There is an open door here.
You see here a +0 whip.
There is a shimmering blue altar of Sif Muna here.
You open the door.
Found 6 gold pieces.
There is an open door here.
You now have 831 gold pieces (gained 6).
There is an open door here.
There is an open door here.
There is an open door here.
You open the door.
Found a leather armour, a throwing net and a scroll labelled DAOVUB RARITWO.
Found a potion of haste.
There is an open door here.
m - a throwing net
n - a scroll labelled DAOVUB RARITWO You see here a +0 leather armour.
e - 2 potions of haste (gained 1)
You open the door.
A centaur warrior comes into view.
The centaur warrior moves out of view.
Found 18 gold pieces.
A centaur warrior comes into view.
There is an open door here.
You enter the shallow water.
Moving in this stuff is going to be slow.
The centaur warrior shouts! x2
The centaur warrior wields a +2 shortbow of flaming.
It bursts into flame!
The centaur warrior shoots an arrow.
The arrow hits you!! The arrow burns you.
The centaur warrior wields a +0 longbow.
The centaur warrior shoots an arrow.
The arrow hits you!!
* * * LOW HITPOINT WARNING * * *
The centaur warrior shoots an arrow.
The arrow closely misses you.
Found a war axe.
The centaur warrior unwields a +0 longbow.
The centaur warrior hits you!
You die...

#######################
#..)..#.)'..#__#..))s.#
').#..'..#..'..+.s#...##+#
#####'#####'#__####...'s.#
####..#...#)####§§#####..+
#__####..##.#≈§§§c# +##
#_____##'#_.+§≈§@.+
#_.∩..÷'..._#≈≈§§c#
#_..__##_.#'##§####
#_____###'#.#§[§.###
#########.####'###.##
.......'...'.....'[∩#
++++####...##########
###.### #.#'#.#


You could see 2 centaur warriors.

Vanquished Creatures
  Sonja (D)
  A deep troll (D)
  2 kobold demonologists (D)
  2 demonic crawlers (D)
  A slime creature (D)
  Sigmund (D)
  A yak (D)
  A floating eye (D)
  An ogre (D)
  A jelly (D)
  Ijyb (D)
13 creatures vanquished.

Vanquished Creatures (others)
  A gargoyle (D)
  2 ballistomycete spores (D)
3 creatures vanquished.

Grand Total: 16 creatures vanquished

Notes
Turn   | Place    | Note
-------+----------+-------------------------------------------
     0 | D        | Karpo the Spriggan Enchanter began the quest for the Orb.
     0 | D        | Reached XP level 1. HP: 9/9 MP: 5/5
     1 | D        | Noticed Ijyb
    14 | D        | Killed Ijyb
    15 | D        | Reached skill level 10 in Stealth
    15 | D        | Reached XP level 2. HP: 4/13 MP: 6/6
   245 | D        | Learned a level 2 spell: Ensorcelled Hibernation
   247 | D        | Noticed an ogre
   253 | D        | Killed an ogre
   254 | D        | Reached skill level 14 in Stealth
   254 | D        | Reached XP level 3. HP: 16/16 MP: 2/8
   254 | D        | Reached XP level 4. HP: 21/21 MP: 2/9
   258 | D        | Learned a level 3 spell: Confusing Touch
   324 | D        | Noticed Sigmund
   327 | D        | Killed Sigmund
   328 | D        | Reached skill level 17 in Stealth
   328 | D        | Reached XP level 5. HP: 24/24 MP: 10/10
   339 | D        | Found a shimmering blue altar of Sif Muna.
   340 | D        | Found an ornate altar of the Wu Jian Council.
   341 | D        | Found a radiant altar of Vehumet.
   345 | D        | Became a worshipper of Sif Muna the Loreminder
   350 | D        | Reached skill level 18 in Stealth
   350 | D        | Reached XP level 6. HP: 28/28 MP: 4/11
   420 | D        | Found Oxovy's Jewellery Emporium.
   420 | D        | Found an ancient bone altar of Kikubaaqudgha.
   420 | D        | Found a hazy altar of Hepliaklqana.
   420 | D        | Found a hide-covered altar of Uskayaw.
   420 | D        | Found a basalt altar of Yredelemnul.
   420 | D        | Found an opulent altar of Gozag.
   420 | D        | Found a snail-covered altar of Cheibriados.
   420 | D        | Found a sacrificial altar of Ru.
   420 | D        | Found a shadowy altar of Dithmenos.
   420 | D        | Noticed a yak
   421 | D        | Found a stormy altar of Qazlal.
   421 | D        | Found a blossoming altar of Fedhas.
   421 | D        | Found a bloodstained altar of Trog.
   421 | D        | Found an iron altar of Okawaru.
   421 | D        | Found a glowing golden altar of the Shining One.
   421 | D        | Found a glowing silver altar of Zin.
   421 | D        | Found a white marble altar of Elyvilon.
   422 | D        | Killed a yak
   423 | D        | Reached skill level 20 in Stealth
   423 | D        | Found a sparkling altar of Nemelex Xobeh.
   433 | D        | Noticed Sonja
   437 | D        | Killed Sonja
   437 | D        | Reached * piety under Sif Muna
   438 | D        | Reached skill level 23 in Stealth
   438 | D        | Reached XP level 7. HP: 32/32 MP: 12/12
   464 | D        | Killed a gargoyle
   574 | D        | Learned a level 3 spell: Dazzling Flash
   581 | D        | Found Etorghoe's Book Boutique.
   601 | D        | Noticed a deep troll
   605 | D        | Killed a deep troll
   606 | D        | Reached skill level 25 in Stealth
   606 | D        | Reached XP level 8. HP: 36/36 MP: 13/13
   617 | D        | Found Vomn's Armour Emporium.
   640 | D        | Found a viscous altar of Jiyva.
   640 | D        | Found a corrupted altar of Lugonu.
   640 | D        | Noticed a slime creature
   641 | D        | Found a burning altar of Makhleb.
   641 | D        | Found a shimmering altar of Xom.
   643 | D        | Killed a slime creature
   659 | D        | Learned a level 3 spell: Tukima's Dance
   660 | D        | Noticed a kobold demonologist
   661 | D        | Noticed a kobold demonologist
   665 | D        | Noticed a rust devil
   669 | D        | Noticed a red devil
   670 | D        | Reached ** piety under Sif Muna
   671 | D        | Reached skill level 26 in Stealth
   672 | D        | Killed a kobold demonologist
   673 | D        | Reached XP level 9. HP: 38/39 MP: 6/14
   675 | D        | Killed a kobold demonologist
   676 | D        | Reached skill level 27 in Stealth
   749 | D        | Noticed a demonic crawler
   749 | D        | Noticed a demonic crawler
   749 | D        | Noticed a demonic crawler
   749 | D        | Noticed a demonic crawler
   751 | D        | Killed a demonic crawler
   752 | D        | Killed a demonic crawler
   752 | D        | Reached *** piety under Sif Muna
   797 | D        | Noticed a centaur warrior
   799 | D        | Noticed a centaur warrior
   799 | D        | HP: 1/39 [centaur warrior/arrow (18)]
   800 | D        | Mangled by a centaur warrior

Illustrated notes

Levels and vault maps discovered:
D:        dungeon_sprint_1 [red_sonja_temple_1, red_sonja_temple_small_1]

Skill      XL: |  1  2  3  4  5  6  7  8  9 |
---------------+----------------------------+-----
Stealth        | 10 14 17 18 23 25 26 27 | 27.0
Short Blades   | 8 |  8.0
Dodging        | |  2.6
Spellcasting   | |  2.6
Hexes          | |  3.6

Action                   |  1- 3 |  4- 6 |  7- 9 || total
-------------------------+-------+-------+-------++-------
Melee: Dagger            |    10 |     4 |    10 ||    24
 Cast: Ensorcelled Hiber |     2 |     3 |     5 ||    10
  Use: Potion            |     1 |       |       ||     1
 Stab: Sleeping          |     1 |     4 |     7 ||    12
Dodge: Dodged            |     3 |     2 |     2 ||     7
